 Dungeon Crawl Stone Soup version 0.17-a0-1510-gb3fb22e (webtiles) character file.

86056 amnekian the Slingshot (level 16, -1/105 HPs)
             Began as a Halfling Hunter on July 10, 2015.
             Was an Initiate of Gozag.
             Slain by a red ugly thing (21 damage)
             ... on level 13 of the Dungeon on July 11, 2015.
             The game lasted 06:21:06 (48520 turns).

amnekian the Slingshot (Halfling Hunter)           Turns: 48520, Time: 06:21:06

Health: -1/105     AC: 18    Str: 15    XL:     16   Next: 33%
Magic:  18/22      EV: 21    Int: 10    God:    Gozag
Gold:   4825       SH:  5    Dex: 19    Spells: 4 memorised, 3 levels left

rFire  . . .     SeeInvis .     b - +2 dagger (elec)
rCold  . . .     Clarity  .     D - +0 scale mail
rNeg   . . .     SustAt   .     I - +0 buckler
rPois  .         Gourm    .     A - +0 helmet
rElec  .         Spirit   .     x - +1 cloak
rCorr  .         Warding  .     Q - +0 pair of gloves
rMut   .         Stasis   .     r - +2 pair of boots
MR     +....                    (no amulet)
Stlth  ++++......               j - ring of invisibility
                                O - ring of stealth

@: slowed, studying Slings, very slow, somewhat resistant to hostile
enchantments, stealthy
A: mutation resistance 1
a: Potion Petition, Call Merchant, Bribe Branch, Renounce Religion, Evoke
Invisibility


You were on level 13 of the Dungeon.
You worshipped Gozag.
Gozag was noncommittal.
You were not hungry.

You visited 5 branches of the dungeon, and saw 25 of its levels.
You also visited: Ice Cave.

You collected 8252 gold pieces.
You spent 980 gold pieces at shops.
You paid 2447 gold pieces to Gozag.

Inventory:

Hand weapons
 a - a +2 hunting sling of evasion
 b - a +2 dagger of electrocution (weapon)
 c - a +0 blowgun
Missiles
 l - 434 stones (quivered)
 w - 107 poisoned needles
 y - 5 throwing nets
 F - 127 sling bullets
 G - 4 curare-tipped needles
Armour
 r - a +2 pair of boots (worn)
 x - a +1 cloak (worn)
 A - a +0 helmet (worn)
 D - a +0 scale mail (worn)
 I - a +0 buckler (worn)
 Q - a +0 pair of gloves (worn)
Jewellery
 h - an uncursed ring of protection from magic
 j - a ring of invisibility (right hand)
 q - an uncursed ring of see invisible
 v - an uncursed ring of ice {unknown}
 z - an uncursed ring of flight
 N - an uncursed amulet of stasis
 O - a ring of stealth (left hand)
 X - the ring "Zoud" {rPois rF- Str+2 Int+5 Dex+3}
   (You found it on level 8 of the Lair of Beasts)

   [ring of dexterity]

   It affects your strength (+2).
   It affects your intelligence (+5).
   It affects your dexterity (+3).
   It makes you vulnerable to fire.
   It protects you from poison.
Magical devices
 m - a wand of cold (0)
 H - a wand of draining (4)
 M - a wand of slowing (19)
 P - a wand of digging (8)
 S - a wand of hasting (3)
 Y - a wand of fireball (0)
Scrolls
 d - 2 scrolls of amnesia
 i - 11 scrolls of remove curse
 B - a scroll of identify
 C - 4 scrolls of teleportation
 J - a scroll of blinking
 L - 2 scrolls of fog
 R - a scroll of enchant armour
 Z - 2 scrolls of magic mapping
Potions
 g - 2 potions of ambrosia
 k - a potion of berserk rage
 n - 2 potions of lignification
 p - 12 potions of curing
 t - 2 potions of heal wounds
 u - 4 potions of haste
 E - 2 potions of cancellation
 V - 2 potions of resistance
 W - 5 potions of agility
Books
 f - a manual of Slings
Miscellaneous
 s - a fan of gales
 K - a plain deck of changes {the Elixir}
 T - a stone of tremors (inert)
Comestibles
 e - 6 bread rations
 o - 6 meat rations


   Skills:
 - Level 8.0 Fighting
 - Level 10.3 Short Blades
 + Level 22.1 Slings
 - Level 11.0 Armour
 - Level 12.6 Dodging
 - Level 7.5 Stealth
 - Level 4.5 Hexes
 - Level 9.8 Translocations
 - Level 9.0 Evocations


You had 3 spell levels left.
You knew the following spells:

 Your Spells              Type           Power        Failure   Level  Hunger
a - Blink                 Tloc           N/A          6%          2    ###....
b - Portal Projectile     Tloc           ###...       12%         3    ####...
c - Passage of Golubria   Tloc           N/A          38%         4    #####..
d - Confuse               Hex            #.......     83%         3    ####...


Dungeon Overview and Level Annotations

Branches:
Dungeon (14/15)            Temple (1/1) D:7            Lair (8/8) D:8
 Shoals (0/4) Lair:4        Snake (1/4) Lair:3        Slime (0/6) Lair:8
    Orc (1/4) D:12         Vaults (0/5) D:13

Altars:
Ashenzari
Cheibriados
Dithmenos
Elyvilon
Fedhas
Gozag
Kikubaaqudgha
Makhleb
Nemelex Xobeh
Okawaru
Qazlal
Ru
Sif Muna
Trog
Vehumet
Xom
Yredelemnul
Zin
The Shining One

Shops:
D:4 ?   D:10 }   D:15 (

Annotations:
D:7 exclusion: 2 doors
D:8 exclusion: downstairs
D:11 exclusion: downstairs, Harold
D:14 Nessos
Lair:1 Nergalle
Lair:4 exclusion: hydra
Lair:5 exclusion: 3 oklob plants
Lair:6 exclusion: 2 upstairs
Orc:1 Urug


Innate Abilities, Weirdness & Mutations

You are small and have problems with some larger weapons.
You are somewhat resistant to further mutation.


Message History

Drink which item? (? for menu, Esc to quit)
Okay, then.
Read which item? (? for menu, Esc to quit)
Okay, then.
Drink which item? (? for menu, Esc to quit)
You're too hungry to go berserk.
Drink which item? (? for menu, Esc to quit)
You feel better. The red ugly thing closely misses you.
Eat which item? (? for menu, Esc to quit)
The red ugly thing barely misses you. The wraith closely misses you.
The red ugly thing kicks you but does no damage.
The wraith barely misses you.
You continue eating.
The red ugly thing closely misses you. The wraith hits you but does no damage.
You continue eating.
The red ugly thing kicks you!
* * * LOW HITPOINT WARNING * * *
You are engulfed in flames!!
You die...
Your body crumbles into a pile of gold.

.# #.#.# #§##.# ##
########.#.# #.##.# .##
#...W....#.#####(##.# #.#
#.########(..§.....(# ..# #.#
#.....######.#### .####### #.#
#.###.#####...... .......##
##.###.#..........####
###..#..####...##W#.....####.#
....###.........@u..###.####.#
###.>#..####...##.#.# #......#
##...## ##.###.#.###.######
##.## #.# #.#.....# #.# #.#
#.....### #.#######.#####..##
#..........# ##.# ###
########.#.# #.# ##.######
#.#.# ##.####.#......


You could see a red ugly thing and a wraith.

Vanquished Creatures
  6 dire elephants
  A rakshasa (D:12)
  A vault guard (D:13)
  8 hydras
  Erolcha (D:13)
  An anaconda (Lair:8)
  2 centaur warriors
  A tengu warrior (D:7)
  Sonja (Lair:1)
  2 skeletal warriors
  An unseen horror (D:10)
  A swamp dragon (Lair:6)
  2 hill giants (D:13)
  The ghost of cireshan the Thaumaturge, an experienced DECj (D:6)
  4 ugly things
  An oklob plant (Lair:5)
  2 griffons
  2 cyclopes
  36 elephants
  8 black mambas
  13 spiny frogs
  3 gargoyles
  A torpor snail (Lair:6)
  A centaur skeleton (D:13)
  A fire drake (Lair:4)
  15 komodo dragons
  A kobold demonologist (D:7)
  A boulder beetle (Lair:7)
  2 trolls
  3 polar bears
  Grinder (D:3)
  Prince Ribbit (Lair:2)
  A slime creature (Lair:6)
  15 blink frogs
  A shadow (D:13)
  5 deep elf magi
  A basilisk (Lair:5)
  3 wyverns
  11 hippogriffs
  61 yaks
  A hungry ghost (D:8)
  26 wolves
  A wraith (D:11)
  A soldier ant (D:12)
  3 swamp worms (Lair:6)
  4 vampire mosquitoes (D:11)
  A mottled dragon (D:13)
  18 porcupines
  2 nagas (Lair:3)
  7 orc warriors
  13 water moccasins
  4 sky beasts
  17 ice beasts
  5 black bears
  2 swamp drakes (Lair:6)
  3 necrophages
  2 wasps (D:11)
  7 phantoms
  7 ogres
  2 big kobolds
  16 crocodiles
  27 giant frogs
  5 centaurs
  A gnoll sergeant (D:11)
  3 scorpions
  A water moccasin skeleton (D:7)
  7 killer bees
  22 wights
  8 crimson imps
  4 giant frog zombies
  4 quasits
  5 hell rats (Lair:1)
  7 jellies
  Crazy Yiuf (D:2)
  4 centaur zombies
  8 electric eels
  10 hounds
  9 orc priests
  Jessica (D:2)
  16 worker ants
  12 iguanas
  15 orc wizards
  20 sheep
  A hound zombie (D:11)
  A hound skeleton (D:9)
  3 mummies (D:11)
  2 worker ant zombies
  Robin (D:3)
  3 gnolls (D:11)
  78 river rats
  10 adders
  4 shadow imps
  An ooze (D:2)
  An adder skeleton (D:10)
  A worm (D:2)
  5 giant geckos
  42 orcs
  A ball python (D:2)
  14 bats
  2 bat skeletons (D:4)
  A bat zombie (D:6)
  5 giant cockroaches
  17 hobgoblins
  15 jackals
  27 kobolds
  6 quokkas
  25 goblins
  A jackal skeleton (D:8)
  15 rats
  A spectral orc (D:2)
  2 fungi
  11 plants
851 creatures vanquished.

Vanquished Creatures (collateral kills)
  An ogre (D:12)
  A giant frog (D:12)
  An orc priest (D:12)
  An orc (D:12)
4 creatures vanquished.

Vanquished Creatures (others)
  3 bushes (D:7)
  143 fungi
  95 plants
241 creatures vanquished.

Grand Total: 1096 creatures vanquished

Notes
Turn   | Place    | Note
--------------------------------------------------------------
     0 | D:1      | amnekian the Halfling Hunter began the quest for the Orb.
     0 | D:1      | Reached XP level 1. HP: 14/14 MP: 1/1
   208 | D:1      | Reached skill level 6 in Slings
   481 | D:1      | Reached XP level 2. HP: 19/19 MP: 2/2
   910 | D:2      | Noticed Jessica
   917 | D:2      | Killed Jessica
   917 | D:2      | Reached skill level 7 in Slings
   917 | D:2      | Reached XP level 3. HP: 24/24 MP: 3/3
  1202 | D:2      | Found a basalt altar of Yredelemnul.
  1224 | D:2      | Found a bloodstained altar of Trog.
  1254 | D:2      | Reached XP level 4. HP: 29/29 MP: 4/4
  1371 | D:2      | Reached skill level 8 in Slings
  1402 | D:2      | Noticed Crazy Yiuf
  1432 | D:2      | Killed Crazy Yiuf
  1736 | D:2      | Reached XP level 5. HP: 34/34 MP: 5/5
  2508 | D:3      | Noticed Grinder
  2542 | D:3      | Killed Grinder
  2542 | D:3      | Reached skill level 10 in Slings
  2542 | D:3      | Reached XP level 6. HP: 39/39 MP: 6/6
  2628 | D:3      | Found a sacrificial altar of Ru.
  2730 | D:3      | Noticed a sky beast
  3082 | D:3      | Killed a sky beast
  3082 | D:3      | Reached skill level 11 in Slings
  3082 | D:3      | Reached XP level 7. HP: 29/44 MP: 7/7
  3551 | D:3      | Found a white marble altar of Elyvilon.
  3560 | D:3      | Noticed Robin
  3567 | D:3      | Killed Robin
  5085 | D:4      | Reached XP level 8. HP: 49/49 MP: 8/8
  5240 | D:4      | Found Ruthreqye's Magic Scroll Shop.
  5247 | D:4      | Bought a scroll of fog for 20 gold pieces
  5735 | D:5      | Entered Level 5 of the Dungeon
  5747 | D:5      | Found a glowing silver altar of Zin.
  5859 | D:5      | Found a deep blue altar of Sif Muna.
  6456 | D:5      | Reached skill level 5 in Dodging
  6500 | D:6      | Found a blossoming altar of Fedhas.
  6833 | D:6      | Noticed cireshan's ghost (experienced DECj)
  7680 | D:6      | Reached XP level 9. HP: 41/54 MP: 9/9
  8155 | D:6      | Killed cireshan's ghost
  8565 | D:7      | Upgraded the game from 0.17-a0-1508-ge7f3dc3 to 0.17-a0-1510-gb3fb22e
  8649 | D:6      | Reached skill level 1 in Armour
  9374 | D:7      | Found a staircase to the Ecumenical Temple.
  9640 | Temple   | Entered the Ecumenical Temple
  9773 | Temple   | Became a worshipper of Gozag Ym Sagoz the Greedy
  9794 | D:7      | Reached skill level 5 in Armour
 10019 | D:8      | Found a snail-covered altar of Cheibriados.
 10187 | D:7      | Found a stormy altar of Qazlal.
 10238 | D:7      | Reached XP level 10. HP: 58/60 MP: 10/10
 10808 | D:8      | Found a staircase to the Lair.
 10808 | D:8      | Noticed a troll
 10872 | D:8      | Killed a troll
 10992 | D:8      | Reached skill level 1 in Short Blades
 12025 | D:8      | Found an iron altar of Okawaru.
 12072 | D:8      | Reached skill level 5 in Short Blades
 12560 | Lair:1   | Entered Level 1 of the Lair of Beasts
 12560 | Lair:1   | Noticed a spiny frog
 13056 | Lair:1   | Noticed a spiny frog
 13200 | Lair:1   | Reached XP level 11. HP: 67/70 MP: 11/11
 13414 | Lair:1   | Noticed a seven-headed hydra
 13447 | Lair:1   | Reached skill level 5 in Fighting
 13536 | Lair:1   | Killed a spiny frog
 13597 | Lair:1   | Noticed Sonja
 13599 | Lair:1   | Noticed an elephant
 13603 | D:8      | Killed a spiny frog
 14868 | D:10     | Entered Level 10 of the Dungeon
 14868 | D:10     | Found Xoxif's Gadget Shoppe.
 14964 | D:9      | Reached skill level 5 in Stealth
 15062 | D:9      | Found a deep blue altar of Sif Muna.
 15206 | D:10     | Noticed an unseen horror
 15220 | D:10     | Killed an unseen horror
 15886 | D:10     | Reached skill level 1 in Evocations
 16195 | D:12     | Noticed a skeletal warrior
 16195 | D:12     | Noticed a skeletal warrior
 16195 | D:12     | Noticed a skeletal warrior
 16195 | D:12     | Noticed a skeletal warrior
 16195 | D:12     | Noticed a skeletal warrior
 16195 | D:12     | Noticed a centaur warrior
 16305 | D:9      | Found a sparkling altar of Nemelex Xobeh.
 16706 | Lair:1   | Killed Sonja
 16882 | Lair:1   | Noticed an eight-headed hydra
 17631 | D:11     | Reached XP level 12. HP: 77/81 MP: 15/15
 17690 | D:12     | Noticed a purple ugly thing
 17742 | D:12     | You fall through a shaft for 2 floors!
 17753 | D:14     | Noticed a seven-headed hydra
 17842 | D:14     | Reached skill level 5 in Evocations
 17862 | D:14     | Noticed a centaur warrior
 18448 | D:12     | Noticed a six-headed hydra
 18878 | Lair:1   | Reached skill level 12 in Slings
 18898 | Lair:1   | Noticed an elephant
 18952 | Lair:1   | Killed an elephant
 18960 | Lair:1   | Killed an elephant
 19235 | Lair:1   | Reached skill level 13 in Slings
 19528 | Lair:1   | Noticed an elephant
 19596 | Lair:1   | Killed an elephant
 19784 | Lair:1   | Noticed an elephant
 19842 | Lair:1   | Killed an elephant
 19843 | Lair:1   | Noticed an elephant
 19903 | Lair:1   | Killed an elephant
 19903 | Lair:1   | Reached skill level 14 in Slings
 19908 | Lair:1   | Noticed an elephant
 19961 | Lair:1   | Killed an elephant
 20070 | Lair:1   | Noticed an elephant
 20118 | Lair:1   | Noticed an elephant
 20144 | Lair:1   | Killed an elephant
 20207 | Lair:1   | Killed an elephant
 20291 | Lair:1   | Noticed an elephant
 20312 | Lair:1   | Killed an elephant
 20319 | Lair:1   | Noticed an elephant
 20336 | Lair:1   | Killed an elephant
 20336 | Lair:1   | Reached skill level 15 in Slings
 20550 | Lair:1   | Noticed Nergalle
 20553 | Lair:1   | Noticed an elephant
 20581 | Lair:1   | Killed an elephant
 20581 | Lair:1   | Reached skill level 10 in Dodging
 20882 | Lair:1   | Reached XP level 13. HP: 81/86 MP: 17/17
 20951 | Lair:1   | Noticed an elephant
 20989 | Lair:1   | Killed an elephant
 21024 | Lair:1   | Noticed an elephant
 21076 | Lair:1   | Killed an elephant
 21301 | Lair:1   | Noticed an elephant
 21328 | Lair:1   | Killed an elephant
 21463 | Lair:1   | Noticed a black mamba
 21466 | Lair:1   | Killed a black mamba
 21493 | Lair:1   | Noticed an elephant
 21518 | Lair:1   | Killed an elephant
 21942 | D:7      | Noticed a troll
 21980 | D:7      | Killed a troll
 22161 | D:7      | Noticed a tengu warrior
 22224 | D:7      | Killed a tengu warrior
 22523 | D:7      | Noticed an eight-headed hydra
 23018 | D:7      | Noticed a kobold demonologist
 23054 | D:7      | Killed a kobold demonologist
 23141 | D:7      | Noticed a cyclops
 23165 | D:7      | Killed a cyclops
 24424 | Lair:2   | Killed a seven-headed hydra
 24424 | Lair:2   | Reached skill level 10 in Short Blades
 26457 | Lair:3   | Noticed Prince Ribbit
 26690 | Lair:2   | Killed Prince Ribbit
 26705 | Lair:2   | Learned a level 3 spell: Confuse
 26884 | Lair:3   | Reached skill level 1 in Hexes
 27078 | Lair:3   | Reached XP level 14. HP: 94/94 MP: 20/20
 28783 | Lair:3   | Found a staircase to the Snake Pit.
 28809 | Snake:1  | Entered Level 1 of the Snake Pit
 29713 | Lair:4   | Found a staircase to the Shoals.
 30700 | Lair:4   | Reached skill level 10 in Armour
 30814 | Lair:5   | Found a frozen archway.
 30855 | IceCv    | Entered an ice cave
 34159 | Lair:6   | Learned a level 4 spell: Passage of Golubria
 34163 | Lair:6   | Learned a level 3 spell: Portal Projectile
 34166 | Lair:6   | Learned a level 2 spell: Blink
 34518 | Lair:7   | Reached skill level 1 in Translocations
 35376 | Lair:6   | Reached XP level 15. HP: 73/99 MP: 21/21
 35842 | Lair:6   | Reached skill level 5 in Translocations
 36464 | Lair:8   | Entered Level 8 of the Lair of Beasts
 37009 | Lair:8   | Found a staircase to the Slime Pits.
 37357 | Lair:8   | Got a steaming platinum ring
 37360 | Lair:8   | Identified the ring "Zoud" {rPois rF- Str+2 Int+5 Dex+3} (You found it on level 8 of the Lair of Beasts)
 40456 | Lair:7   | Reached skill level 16 in Slings
 40881 | Lair:7   | Reached skill level 17 in Slings
 41773 | Lair:8   | Reached skill level 18 in Slings
 41988 | Lair:8   | Got a bloodstained rapier
 41996 | Lair:8   | Identified the +2 rapier of Ekhlesou {freeze, rF+} (You found it on level 8 of the Lair of Beasts)
 42727 | D:8      | Killed a skeletal warrior
 42909 | D:10     | Bought a fan of gales for 600 gold pieces
 43433 | D:11     | Reached skill level 19 in Slings
 44461 | D:11     | Reached XP level 16. HP: 105/105 MP: 16/22
 44776 | D:12     | Found Xosef's Food Shoppe.
 44786 | D:12     | Bought 2 fruits for 30 gold pieces
 44786 | D:12     | Bought a bread ration for 50 gold pieces
 44786 | D:12     | Bought a bread ration for 50 gold pieces
 44786 | D:12     | Bought a beef jerky for 15 gold pieces
 44786 | D:12     | Bought a slice of pizza for 15 gold pieces
 44786 | D:12     | Bought a bread ration for 50 gold pieces
 44786 | D:12     | Bought a meat ration for 50 gold pieces
 44786 | D:12     | Bought a meat ration for 50 gold pieces
 44786 | D:12     | Bought a bread ration for 50 gold pieces
 44820 | D:12     | Noticed a rakshasa
 44875 | D:12     | Killed a rakshasa
 44875 | D:12     | Killed a rakshasa
 44890 | D:12     | Reached skill level 20 in Slings
 45168 | D:12     | Killed a six-headed hydra
 45390 | D:11     | Killed a skeletal warrior
 45881 | D:12     | Killed a centaur warrior
 45933 | D:12     | Noticed Harold
 46553 | D:12     | Noticed a green ugly thing
 46615 | D:12     | Killed a green ugly thing
 46706 | D:12     | Found a staircase to the Orcish Mines.
 46715 | Orc:1    | Entered Level 1 of the Orcish Mines
 46715 | Orc:1    | Noticed Urug
 46932 | D:12     | Killed a purple ugly thing
 47090 | D:13     | Killed a centaur warrior
 47090 | D:13     | Reached skill level 21 in Slings
 47257 | D:13     | Noticed Erolcha
 47275 | D:13     | Killed Erolcha
 47777 | D:13     | Found a gate to the Vaults.
 47777 | D:13     | Noticed a vault guard
 47808 | D:13     | Killed a vault guard
 47969 | D:13     | Identified a scroll of acquirement
 48149 | D:14     | Noticed Nessos
 48191 | D:13     | Reached skill level 22 in Slings
 48520 | D:13     | Slain by a red ugly thing

Vault maps used:
D:1:      dpeg_arrival_arbitrary_c
D:2:      lemuel_doored_altar, yredelemnul_forgotten_temple_becter,
          uniq_jessica, uniq_crazy_yiuf_cottage
D:3:      old_standard_altar, old_standard_altar, uniq_grinder, uniq_robin
D:4:      serial_shops, shop
D:5:      led_sif_book, kennysheep_little_box, first_bread, kennysheep_boxes
D:6:      fedhas_altar_3
D:7:      minmay_klotski, old_standard_altar, temple_fountains
D:8:      cheibriados_altar_1, lemuel_round_altar, erik_lair_island
D:9:      nemelex_altar_shiori, basic_altar
D:10:     serial_shops, shop
D:11:     serial_undead, serial_undead_c, serial_undead_b, serial_undead_a,
          serial_undead_d, serial_undead_a, serial_undead_e
D:12:     orc_0_dummy, uniq_harold
D:13:     david_vaults_5, uniq_erolcha
D:14:     hangedman_tree_tricks, uniq_nessos
Temple:   nicolae_temple_figure_zero
Lair:1:   mu_elephants_graveyard, uniq_sonja, uniq_nergalle
Lair:2:   beast_lair_carwin_large_2, serial_bayou_lagoon_b
Lair:3:   guppyfry_snake_entry_island, beast_lair_carwin_4, grunt_megastairs_3,
          uniq_prince_ribbit2
Lair:4:   statuecave_lemuel, elwin_shoals_entry_rocks, bh_autumn_forest_stairs
Lair:5:   dpeg_oklob_gauntlet, portal_ice_cave_entry_ice_beasts, st_stairs_12,
          lemuel_fruit_tree, infiniplex_staircase_pool_2
Lair:6:   onia_ninara_swampy_vault
Lair:7:   lemuel_another_geyser, lemuel_fruit_fields
Lair:8:   due_jungle_book, slime_dummy
Orc:1:    uniq_urug
IceCv:    ice_cave_statue_garden_01

Action                   |  1- 3 |  4- 6 |  7- 9 | 10-12 | 13-15 | 16-18 || total
-------------------------+-------+-------+-------+-------+-------+-------++-------
Melee: Short sword       |    23 |       |       |       |       |       ||    23
       Dagger            |       |       |   126 |   457 |  2415 |   373 ||  3371
       Rapier            |       |       |    15 |       |    28 |       ||    43
       Hunting sling     |       |       |       |     1 |       |       ||     1
 Fire: Hunting sling     |    69 |   146 |   413 |   431 |   906 |   234 ||  2199
       Blowgun           |       |       |    30 |   177 |   122 |    29 ||   358
Throw: Stone             |       |       |       |    10 |     6 |       ||    16
       Tomahawk          |       |       |       |    89 |    15 |       ||   104
 Cast: Blink             |       |       |       |       |    41 |    47 ||    88
       Portal Projectile |       |       |       |       |     7 |     2 ||     9
Invok: Potion Petition   |       |       |       |     1 |     1 |     2 ||     4
       Call Merchant     |       |       |       |     1 |     1 |       ||     2
 Abil: Evoke Invisibilit |       |       |       |       |     9 |     1 ||    10
       Stop Flying       |       |       |       |       |     2 |       ||     2
       Evoke Flight      |       |       |       |       |     2 |       ||     2
Evoke: Wand              |       |       |       |    18 |    16 |     4 ||    38
       Stone of tremors  |       |       |       |       |       |     1 ||     1
  Use: Scroll            |       |     7 |    11 |     6 |    10 |     1 ||    35
       Potion            |       |     1 |       |     4 |     2 |     5 ||    12
 Stab: Sleeping          |       |       |     3 |    11 |     4 |     5 ||    23
       Distracted        |       |       |     2 |     4 |    14 |     1 ||    21
       Confused          |       |       |       |     4 |       |       ||     4
       Invisible         |       |       |       |       |    17 |     3 ||    20
  Eat: Chunk             |       |     4 |    17 |       |     7 |       ||    28
       Meat ration       |       |       |     1 |     2 |     6 |     1 ||    10
       Fruit             |       |       |     2 |     5 |    11 |     2 ||    20
       Beef jerky        |       |       |       |     4 |     4 |     1 ||     9
       Bread ration      |       |       |       |     3 |     7 |     2 ||    12
       Royal jelly       |       |       |       |     1 |       |       ||     1
       Pizza             |       |       |       |     1 |     1 |     1 ||     3
